AoeStats
← Inferno-_-

Black Forest

509273322Analyzed
4v4 RM · 6d ago on Sep 26, 2026· 81m 40s· 8 players
Game mode
Random Map
Map size
Large (8 player)
Population
200
Speed
Normal
Resources
Standard
Victory
Conquest
Starting age
Dark Age
Ending age
Imperial Age
RankedLock teamsTeams togetherTeam positionsShared explorationLock speedFull tech treeHidden civsTurbo modeCheats
Victory
Defeat
🇭🇰 Celts · Hong Kong SAR China
1090
+15
🇺🇸 Danes · United States
1034
+17
🇦🇺 Varangians · Australia
1024
+18
🇺🇸 Saracens · United States
1005
+19
🇹🇼 Sicilians · Taiwan
1111
-19
🇺🇸 Portuguese · United States
1082
-18
🇨🇦 Bengalis · Canada
1056
-17
🇦🇷 Franks · Argentina
1019
-15
ItsNotTheHerp
1:58 Loom
4:01 Loom
13:11 Feudal Age
14:01 Double-Bit Axe
18:47 Fletching
18:58 Padded Archer Armor
24:27 Castle Age
24:16 Horse Collar
25:11 Bodkin Arrow
24:44 Crossbowman
25:33 Thumb Ring
26:21 Leather Archer Armor
30:23 Wheelbarrow
34:51 Bow Saw
34:45 Heavy Plow
38:18 Imperial Age
37:06 Town Watch
39:05 Bracer
40:17 Chemistry
39:26 Arbalester
43:32 Ring Archer Armor
43:15 Elite Skirmisher
45:49 Siege Engineers
47:06 Ballistics
49:41 Caravan
irishfan2013
14:19 Feudal Age
14:55 Horse Collar
15:20 Double-Bit Axe
18:19 Castle Age
16:14 Stone Mining
16:19 Horse Collar
19:45 Forging
22:24 Gold Mining
30:51 Gold Shaft Mining
30:35 Bow Saw
33:04 Iron Casting
32:29 Scale Mail Armor
32:22 Fletching
33:38 Wheelbarrow
32:50 Loom
36:53 Imperial Age
35:08 Arson
35:24 Squires
35:44 Chain Mail Armor
35:25 Bodkin Arrow
35:56 Hand Cart
35:56 Padded Archer Armor
38:09 Conscription
38:48 Stone Shaft Mining
39:38 Blast Furnace
39:10 Plate Mail Armor
39:03 Hamask
39:13 Heavy Scorpion
40:40 Elite Jomsviking
41:29 Bracer
42:26 Heavy Plow
43:32 Ballistics
47:17 Northmen's Fury
50:41 Chemistry
50:33 Caravan
55:15 Elite Varangian Guard
58:39 Onager
63:33 Pikeman
65:20 Halberdier
Schleb
11:20 Feudal Age
15:23 Castle Age
13:14 Double-Bit Axe
13:11 Horse Collar
16:37 Bow Saw
24:39 Fishing Lines
26:56 Gillnets
27:09 Heavy Plow
28:02 Scale Barding Armor
28:07 Forging
29:59 Wheelbarrow
29:45 Husbandry
29:57 Bloodlines
34:19 Imperial Age
32:18 Chain Barding Armor
32:34 Iron Casting
34:07 Hand Cart
34:28 Cavalier
35:45 Plate Barding Armor
36:10 Blast Furnace
36:45 Two-Man Saw
36:17 Crop Rotation
36:13 Town Watch
36:59 Conscription
36:04 Vendel Legacy
37:50 Light Cavalry
42:33 Chemistry
41:43 Siege Engineers
45:27 Scale Mail Armor
49:58 Caravan
50:27 Hussar
53:49 Town Patrol
63:19 Elite Jarl
64:01 Gothikon
64:58 Chain Mail Armor
79:39 Ballistics
79:01 Treadmill Crane
little4
2:47 Loom
12:49 Feudal Age
16:55 Castle Age
15:46 Double-Bit Axe
18:36 Wheelbarrow
23:15 Bow Saw
25:26 Horse Collar
26:35 Fortified Wall
26:36 Gold Mining
29:02 Gold Shaft Mining
28:21 Stone Mining
30:56 Stone Shaft Mining
30:40 Fishing Lines
31:57 Gillnets
35:40 Imperial Age
35:19 Hand Cart
35:58 Onager
36:02 Heavy Scorpion
36:54 Siege Engineers
37:48 Furor Celtica
38:38 Ballistics
40:28 Siege Onager
46:14 Capped Ram
50:45 Siege Ram
52:43 Man-at-Arms
53:10 Gambesons
54:19 Pikeman
57:29 Scale Mail Armor
57:39 Forging
57:21 Long Swordsman
59:47 Two-Handed Swordsman
60:51 Halberdier
63:18 Champion
65:19 Chain Mail Armor
65:39 Iron Casting
65:18 Caravan
66:32 Plate Mail Armor
66:39 Fletching
70:27 Blast Furnace
69:23 Bodkin Arrow
saiko
2:15 Loom
14:03 Feudal Age
18:39 Castle Age
16:42 Double-Bit Axe
17:24 Horse Collar
20:21 Bow Saw
32:12 Scale Barding Armor
32:38 Padded Archer Armor
32:30 Fletching
32:55 Heavy Plow
33:43 Gold Mining
34:37 Wheelbarrow
36:32 Imperial Age
33:46 Elite Skirmisher
35:18 Gold Shaft Mining
37:11 Hand Cart
38:08 Block Printing
38:31 Theocracy
37:20 Elite Elephant Archer
38:49 Illumination
38:37 Fervor
38:50 Sanctity
39:02 Bloodlines
38:53 Husbandry
38:43 Elite Battle Elephant
39:35 Paiks
39:55 Conscription
39:40 Paiks
40:34 Ballistics
41:14 Chemistry
40:34 Bodkin Arrow
41:03 Leather Archer Armor
42:52 Ring Archer Armor
42:22 Bracer
42:43 Chain Barding Armor
42:34 Forging
47:17 Two-Man Saw
47:58 Mahayana
56:13 Redemption
60:13 Caravan
60:53 Crop Rotation
61:12 Iron Casting
61:39 Plate Barding Armor
69:08 Blast Furnace
TuckerFudPucker
10:18 Loom
14:37 Feudal Age
15:59 Wheelbarrow
15:10 Double-Bit Axe
15:07 Fishing Lines
18:23 Stone Mining
18:25 Gold Mining
20:46 Horse Collar
23:19 Castle Age
25:14 Bow Saw
28:37 Imperial Age
26:40 Padded Archer Armor
27:16 Town Watch
30:02 Gillnets
31:25 Chemistry
30:37 Masonry
30:35 Siege Engineers
30:50 Ballistics
31:36 Two-Man Saw
30:49 Caravan
31:55 Horse Collar
32:36 Leather Archer Armor
32:12 Fletching
33:58 Stone Shaft Mining
33:57 Architecture
33:22 Murder Holes
33:08 Treadmill Crane
33:41 Fortified Wall
35:19 Hand Cart
35:04 Town Patrol
36:04 Ring Archer Armor
35:31 Bodkin Arrow
35:37 Scale Mail Armor
35:01 Pikeman
36:52 Halberdier
37:19 Arson
37:00 Elite Skirmisher
37:45 Thumb Ring
38:00 Chain Mail Armor
37:55 Forging
37:46 Bracer
43:40 Plate Mail Armor
43:45 Iron Casting
53:06 Blast Furnace
52:12 Scale Barding Armor
53:31 Conscription
53:17 Arquebus
52:43 Elite Organ Gun
56:48 Chain Barding Armor
55:51 Cavalier
55:52 Light Cavalry
56:43 Bloodlines
56:33 Husbandry
60:09 Guard Tower
75:25 Bombard Tower
Inferno-_-
8:19 Loom
13:12 Feudal Age
15:10 Double-Bit Axe
17:57 Castle Age
16:15 Fishing Lines
19:00 Wheelbarrow
24:17 Bow Saw
32:36 Imperial Age
30:43 Wheelbarrow
30:49 Wheelbarrow
30:12 Gold Mining
30:14 Stone Mining
30:30 Scale Barding Armor
30:36 Forging
30:19 Pikeman
31:00 Scale Mail Armor
31:40 Gold Shaft Mining
31:52 Husbandry
32:15 Chain Barding Armor
32:31 Iron Casting
33:07 Hand Cart
34:44 Chemistry
34:12 Conscription
33:17 Cavalier
34:56 Caravan
34:25 Paladin
35:56 Chivalry
36:13 Ordonnance Companies
36:33 Halberdier
37:14 Squires
37:01 Elite Throwing Axeman
37:14 Light Cavalry
38:56 Blast Furnace
39:25 Ordonnance Companies
40:48 Hoardings
41:57 Plate Barding Armor
41:38 Chain Mail Armor
41:14 Fletching
41:50 Ballistics
43:20 Arson
56:04 Plate Mail Armor
72:37 Bodkin Arrow
72:42 Padded Archer Armor
73:24 Elite Skirmisher
75:44 Leather Archer Armor
一杯冰美式
1:29 Loom
12:52 Feudal Age
16:04 Horse Collar
19:07 Castle Age
19:39 Stone Mining
19:52 Double-Bit Axe
20:27 Gold Mining
22:23 Bow Saw
23:44 Fishing Lines
25:05 Gold Shaft Mining
25:08 Stone Shaft Mining
25:27 Town Watch
26:21 Wheelbarrow
32:35 Imperial Age
30:41 Heavy Plow
31:24 Gillnets
34:10 Crop Rotation
34:37 Conscription
34:24 Hauberk
33:51 Elite Serjeant
34:49 Forging
34:39 Scale Mail Armor
35:55 Iron Casting
36:18 First Crusade
36:21 Chain Mail Armor
36:57 Arson
37:13 Squires
38:25 Blast Furnace
38:18 Hand Cart
38:04 Town Patrol
38:38 Plate Mail Armor
52:13 Pikeman
54:16 Halberdier
Connection lost

Rejoining the realm…

Still unreachable

The connection could not be restored.

Session expired

The server has moved on; the page needs a fresh start.